 Dungeon Crawl Stone Soup version 0.18.1-50-g88ac8fd (console) character file.

104547 Kloppie the Warrior (level 16, 0/151 HPs)
             Began as a Hill Orc Fighter on Oct 9, 2016.
             Was the Champion of Okawaru.
             Drowned by a water elemental (5 damage)
             ... summoned by Ilsuiw
             ... on level 3 of the Shoals.
             The game lasted 00:54:59 (28717 turns).

Kloppie the Warrior (Hill Orc Fighter)             Turns: 28717, Time: 00:55:00

Health: 0/151      AC: 26    Str: 32    XL:     16   Next: 39%
Magic:  0/22       EV: 13    Int:  4    God:    Okawaru [******]
Gold:   2121       SH: 15    Dex: 18    Spells: 0 memorised, 15 levels left

rFire  + + .     SeeInvis .     a - +2 eveningstar (crush)
rCold  + + .     Gourm    .     E - +2 plate armour {rF+}
rNeg   . . .     Faith    .     c - +0 shield
rPois  +         Spirit   +     n - +0 hat of Gehenna {rElec Str+6 Int-4}
rElec  +         Dismiss  .     C - +0 cloak
rCorr  +         Reflect  .     N - +1 pair of gloves {Dex+3}
SustAt .         Harm     .     w - +2 pair of boots
MR     +....                    d - amulet of guardian spirit
Stlth  ..........               u - +1 ring of protection
                                h - ring of protection from cold

@: mighty, resistant, engulfed (cannot breathe), somewhat resistant to hostile
enchantments, extremely unstealthy
A: no device heal 1
a: Heroism, Finesse, Renounce Religion


You were on level 3 of the Shoals.
You worshipped Okawaru.
Okawaru was exalted by your worship.
You were hungry.

You visited 5 branches of the dungeon, and saw 28 of its levels.
You also visited: Volcano.

You collected 2192 gold pieces.
You spent 71 gold pieces at shops.

Inventory:

Hand Weapons
 a - a +2 eveningstar of crushing (weapon)
Armour
 c - a +0 shield (worn)
 n - the +0 hat of Gehenna (worn) {rElec Str+6 Int-4}
   (Okawaru gifted it to you on level 5 of the Lair of Beasts)

   It affects your strength (+6).
   It affects your intelligence (-4).
   It insulates you from electricity.
 w - a +2 pair of boots (worn)
 C - a +0 cloak (worn)
 E - a +2 plate armour of fire resistance (worn)
 N - a +1 pair of gloves of dexterity (worn)
Rods
 y - a +6 rod of shadows (12/12)
   (You found it on level 8 of the Lair of Beasts)
Jewellery
 d - an amulet of guardian spirit (around neck)
 h - a ring of protection from cold (left hand)
 m - an uncursed ring of protection from fire
 u - a +1 ring of protection (right hand)
 B - an uncursed ring of flight
 M - an uncursed amulet of rage
Wands
 S - a wand of disintegration (12/24)
 X - a wand of digging (24/24)
Scrolls
 b - 3 scrolls of enchant weapon
 e - a scroll of amnesia
 g - 9 scrolls of remove curse
 j - 5 scrolls of fog
 z - 5 scrolls of identify
 G - 5 scrolls of teleportation
 J - 4 scrolls of fear
 L - 3 scrolls of magic mapping
 O - 6 scrolls of enchant armour
Potions
 i - 6 potions of flight
 p - a potion of berserk rage
 q - 4 potions of brilliance
 v - 5 potions of cure mutation
 x - 4 potions of ambrosia
 A - a potion of magic
 K - 7 potions of curing
 T - a potion of haste
Comestibles
 f - 15 bread rations
 k - a royal jelly
 o - 8 meat rations
 r - 10 beef jerkies
 s - 28 fruits


   Skills:
 + Level 16.3 Fighting
 - Level 16.0 Maces & Flails
 + Level 12.3 Armour
 - Level 7.0 Dodging
 - Level 15.1 Shields
 - Level 8.0 Invocations


You had 15 spell levels left.
You didn't know any spells.

Dungeon Overview and Level Annotations

Branches:
Dungeon (15/15)            Temple (0/1) D:7            Lair (8/8) D:10
 Shoals (3/4) Lair:3       Spider (0/4) Lair:3        Slime (0/6) Lair:8
    Orc (1/2) D:10         Vaults (0/5) D:13         Depths (1/5) D:15

Altars:
Cheibriados
Elyvilon
Fedhas
Makhleb
Okawaru
Pakellas
Qazlal
Ru
Sif Muna
Trog
Vehumet
Xom
Yredelemnul
Zin
The Shining One
Beogh
Jiyva

Shops:
D:2 }   D:4 !   D:11 ?   Shoals:3 (

Annotations:
D:6 2 runed doors
Lair:3 exclusion: oklob plant
Shoals:3 exclusion: Roxanne, Ilsuiw, Roxanne


Innate Abilities, Weirdness & Mutations

Potions and wands are less effective at restoring your health.


Message History

The water elemental barely misses you. You block the water elemental's attack.
Something hits you but does no damage. You block the water elemental's attack.
The water elemental barely misses you. The water elemental hits you.
* * * LOW HITPOINT WARNING * * *
The water elemental engulfs you in water!
You see here 2 silver javelins.
Your plate armour prevents you from hitting the water elemental.
* * * LOW HITPOINT WARNING * * *
Your lungs strain for air!
Something hits you!
* * * LOW HITPOINT WARNING * * *
Something freezes you.
* * * LOW HITPOINT WARNING * * *
The water elemental completely misses you.
The water elemental hits you.
Read which item? (? for menu, Esc to quit)
You cannot read scrolls while unable to breathe!
Drink which item? (? for menu, Esc to quit)
You feel better.
You die...

#.......8....
#...........?≈≈≈
#(.........>.≈≈≈
#............≈≈≈ ≈≈≈
#...........≈≈≈≈ ≈≈≈≈≈≈≈..
#....:.....$≈≈≈≈
...≈≈≈≈..##.........≈≈≈≈≈≈
..≈≈≈≈≈..##....(.E>≈≈≈≈≈≈≈
≈≈≈≈≈....##(....@E)≈≈≈≈≈≈≈
≈≈≈≈≈≈.......[≈≈≈E{≈≈≈≈≈≈≈
≈≈≈≈≈≈≈.....≈≈≈≈≈≈≈≈≈≈≈≈≈≈
...≈≈≈≈..≈≈≈≈≈≈≈≈≈≈≈≈≈≈≈≈≈
..≈≈≈≈≈..≈≈≈≈≈≈≈≈≈≈≈≈≈≈≈≈≈
((≈≈≈....≈≈≈≈≈≈≈≈≈≈≈≈≈≈≈≈≈
≈≈≈≈......≈≈≈≈≈≈≈≈≈≈≈≈≈≈≈≈
≈≈≈≈(.....∩≈≈≈≈≈≈≈≈≈≈≈≈≈≈≈
≈≈.........≈≈≈≈≈≈≈≈≈≈≈≈≈≈≈


You could see 3 water elementals.

Vanquished Creatures
  Donald (Shoals:2)
  Maud (Lair:3)
  A fire giant (D:15)
  4 dire elephants (Lair:8)
  The ghost of Thael the Protected, a journeyman MiBe of Trog (Lair:4)
  The ghost of SaintRoka the Basher, a journeyman OgCK of Okawaru (D:11)
  The ghost of SaintRoka the Warrior, a journeyman OgCK of Okawaru (D:11)
  A merfolk javelineer (Shoals:3)
  A fire dragon (D:15)
  Erolcha (D:9)
  The ghost of SaintRoka the Protected, a journeyman DDFi of Makhleb (D:11)
  2 merfolk impalers
  A yaktaur captain (D:13)
  3 hydras
  6 centaur warriors
  An anaconda (Lair:8)
  The ghost of SaintRoka the Cleaver, a novice DDGl of Makhleb (D:11)
  12 death yaks
  Erica (D:7)
  A death knight (D:13)
  A tengu warrior (D:13)
  Nergalle (Lair:3)
  A hell knight (Volcano)
  A sea snake (Shoals:2)
  3 unseen horrors
  A hill giant (D:13)
  Pikel (D:7)
  2 orc knights (D:10)
  3 ugly things
  4 griffons
  A wolf spider (D:13)
  3 fauns (Shoals:2)
  2 orc sorcerers (Orc:1)
  4 cyclopes
  2 manticores
  Joseph (D:9)
  5 sirens
  7 black mambas
  3 water nymphs
  2 toenail golems (Volcano)
  12 elephants
  Maurice (D:8)
  2 molten gargoyles (Volcano)
  5 torpor snails (Lair:1)
  3 gargoyles
  12 spiny frogs
  4 kobold demonologists (D:15)
  6 komodo dragons
  2 yaktaurs (D:13)
  A rime drake (Lair:8)
  2 efreet (D:13)
  A demonic crawler (Lair:3)
  A tengu conjurer (D:13)
  6 trolls
  4 merfolk
  Grinder (D:3)
  4 slime creatures (D:14)
  A blink frog (shapeshifter) (D:14)
  28 blink frogs
  Sigmund (D:3)
  A spriggan (D:6)
  A water elemental (Shoals:1)
  2 shadows (D:13)
  A vampire (D:14)
  4 wraiths
  2 wyverns
  Grum (D:8)
  Eustachio (D:5)
  A fire elemental (Volcano)
  50 yaks
  5 basilisks
  A fire bat (Volcano)
  3 steam dragons
  12 hippogriffs
  9 vampire mosquitoes
  3 hungry ghosts
  A warg (Orc:1)
  A mottled dragon (D:11)
  19 water moccasins
  A hell hound (Volcano)
  12 porcupines
  A phantom (D:4)
  5 ice beasts
  3 sky beasts
  4 black bears
  22 orc warriors
  A sky beast (shapeshifter) (D:14)
  A slave (D:7)
  An eye of draining (D:12)
  7 ogres
  4 wolves
  6 centaurs
  24 crocodiles
  3 big kobolds
  16 giant frogs
  Blork the orc (D:5)
  A wyvern zombie (D:10)
  9 scorpions
  A howler monkey (D:14)
  6 electric eels (D:10)
  5 crimson imps
  A giant frog zombie (D:12)
  2 lava snakes (Volcano)
  4 centaur zombies
  A wasp zombie (D:14)
  2 quasits (D:8)
  5 giant frog skeletons
  10 hounds
  3 jellies
  20 orc priests
  28 orc wizards
  4 centaur skeletons
  17 iguanas
  Natasha (thrice) (D:3)
  11 worker ants
  A killer bee zombie (D:10)
  26 sheep
  2 gnolls (D:7)
  14 adders
  28 river rats
  2 shadow imps
  2 oozes
  An adder zombie (D:7)
  8 worms
  2 dart slugs
  8 giant geckos
  85 orcs
  2 ball pythons
  6 giant cockroaches
  3 goblins
  7 hobgoblins
  22 jackals
  13 kobolds
  3 quokkas
  7 bats
  A giant gecko skeleton (D:4)
  9 giant newts
  A jackal skeleton (D:4)
  2 quokka skeletons
  4 rats
  4 plants (Lair:8)
813 creatures vanquished.

Vanquished Creatures (others)
  A hobgoblin (D:7)
  A jackal (D:10)
  6 fungi
  9 plants
17 creatures vanquished.

Grand Total: 830 creatures vanquished

Notes
Turn   | Place    | Note
--------------------------------------------------------------
     0 | D:1      | Kloppie the Hill Orc Fighter began the quest for the Orb.
     0 | D:1      | Reached XP level 1. HP: 19/19 MP: 1/1
   195 | D:1      | Reached XP level 2. HP: 23/26 MP: 2/2
   780 | D:2      | Reached XP level 3. HP: 29/31 MP: 3/3
   821 | D:2      | Found an iron altar of Okawaru.
   838 | D:2      | Found a basalt altar of Yredelemnul.
   839 | D:2      | Found an oddly glowing altar of Pakellas.
   843 | D:2      | Found a stormy altar of Qazlal.
   859 | D:2      | Became a worshipper of Warmaster Okawaru
  1616 | D:2      | Found an oddly glowing altar of Pakellas.
  1616 | D:2      | Found Pakellas's Prime Provisions.
  1690 | D:3      | Noticed Natasha
  1700 | D:3      | Killed Natasha
  1700 | D:3      | Reached XP level 4. HP: 19/40 MP: 4/4
  2008 | D:3      | Noticed Grinder
  2016 | D:3      | Paralysed by Grinder for 4 turns
  2020 | D:3      | Killed Grinder
  2020 | D:3      | Reached * piety under Okawaru
  2020 | D:3      | Reached skill level 5 in Fighting
  2020 | D:3      | Reached skill level 5 in Maces & Flails
  2020 | D:3      | Reached XP level 5. HP: 6/50 MP: 5/5
  2020 | D:3      | Reached XP level 6. HP: 7/57 MP: 6/6
  2024 | D:3      | HP: 2/57 [poisoned by an adder]
  2031 | D:3      | HP: 2/57 [poisoned by an adder]
  2168 | D:3      | Noticed Natasha
  2172 | D:3      | Killed Natasha
  2185 | D:3      | Noticed Natasha
  2194 | D:3      | Killed Natasha
  2625 | D:3      | Noticed Sigmund
  2632 | D:3      | Killed Sigmund
  2632 | D:3      | Reached XP level 7. HP: 47/64 MP: 4/7
  2828 | D:3      | Found a burning altar of Makhleb.
  2829 | D:3      | Found a shimmering altar of Xom.
  2834 | D:3      | Reached ** piety under Okawaru
  2984 | D:4      | Found Lagysk's Distillery.
  2990 | D:4      | Bought a potion of degeneration for 11 gold pieces
  3377 | D:4      | Reached skill level 5 in Shields
  3399 | D:4      | Reached XP level 8. HP: 44/71 MP: 8/8
  3414 | D:4      | Found a bloodstained altar of Trog.
  3414 | D:4      | Found a blossoming altar of Fedhas.
  3542 | D:4      | Found a sacrificial altar of Ru.
  3656 | D:5      | Entered Level 5 of the Dungeon
  4500 | D:5      | Found a glowing golden altar of the Shining One.
  4692 | D:5      | Noticed Eustachio
  4719 | D:5      | Killed Eustachio
  4719 | D:5      | Reached *** piety under Okawaru
  4827 | D:6      | Noticed Blork the orc
  4854 | D:5      | Killed Blork the orc
  5460 | D:6      | Reached XP level 9. HP: 57/78 MP: 9/9
  7243 | D:6      | Found a runed door.
  7284 | D:6      | Reached skill level 10 in Maces & Flails
  7295 | D:6      | Reached **** piety under Okawaru
  7571 | D:6      | Found a runed door.
  7706 | D:7      | Found a staircase to the Ecumenical Temple.
  7972 | D:6      | Reached XP level 10. HP: 62/90 MP: 8/10
  8114 | D:7      | Noticed Pikel
  8159 | D:7      | Killed Pikel
  8159 | D:7      | Received a gift from Okawaru
  8309 | D:7      | Found an iron altar of Okawaru.
  8722 | D:7      | Found a shimmering altar of Xom.
  8813 | D:7      | Found a deep blue altar of Sif Muna.
  8937 | D:8      | Noticed Erica
  8958 | D:7      | Killed Erica
  8958 | D:7      | Reached ***** piety under Okawaru
  8992 | D:8      | Noticed Grum
  9019 | D:8      | Killed Grum
  9224 | D:8      | Noticed Maurice
  9276 | D:8      | Killed Maurice
  9527 | D:8      | Found a white marble altar of Elyvilon.
  9527 | D:8      | Found a glowing golden altar of the Shining One.
  9528 | D:8      | Found a glowing silver altar of Zin.
  9870 | D:9      | Reached XP level 11. HP: 97/97 MP: 11/11
  9896 | D:9      | Noticed Erolcha
  9910 | D:9      | Killed Erolcha
  9910 | D:9      | Received a gift from Okawaru
  9910 | D:9      | Reached skill level 10 in Shields
  9958 | D:9      | Got a creamy pearl robe
  9983 | D:9      | Noticed Joseph
  9998 | D:9      | Killed Joseph
 10093 | D:9      | Found a shimmering altar of Xom.
 10219 | D:10     | Entered Level 10 of the Dungeon
 10326 | D:10     | Found a basalt altar of Yredelemnul.
 10419 | D:10     | Killed an unseen horror
 11115 | D:10     | Found a staircase to the Lair.
 11162 | D:11     | Noticed SaintRoka's ghost (journeyman DDFi)
 11165 | D:11     | Noticed SaintRoka's ghost (journeyman OgCK)
 11174 | D:11     | Killed SaintRoka's ghost
 11174 | D:11     | Reached ****** piety under Okawaru
 11539 | D:11     | Killed SaintRoka's ghost
 11539 | D:11     | Received a gift from Okawaru
 11574 | D:11     | Found Peosur's Magic Scroll Shop.
 11580 | D:11     | Bought a scroll of identify for 30 gold pieces
 11580 | D:11     | Bought a scroll of identify for 30 gold pieces
 11582 | D:11     | Identified the cursed +1 robe of Banocin {-Cast rElec rN+ rCorr} (You found it on level 9 of the Dungeon)
 11688 | Lair:1   | Entered Level 1 of the Lair of Beasts
 11727 | Lair:1   | Found a labyrinth entrance.
 11893 | Lair:1   | You fall through a shaft!
 11908 | Lair:2   | Noticed a five-headed hydra
 11922 | Lair:2   | Killed a five-headed hydra
 11987 | Lair:1   | Reached XP level 12. HP: 72/105 MP: 12/12
 12128 | Lair:1   | Found a snail-covered altar of Cheibriados.
 12417 | Lair:1   | Received a gift from Okawaru
 12848 | Lair:2   | Received a gift from Okawaru
 13703 | Lair:2   | Reached skill level 10 in Fighting
 14138 | Lair:3   | Reached skill level 1 in Invocations
 14171 | Lair:3   | Received a gift from Okawaru
 14210 | Lair:3   | Found a staircase to the Shoals.
 14234 | Lair:3   | Found a hole to the Spider Nest.
 14449 | Lair:3   | Noticed Maud
 14474 | Lair:3   | Killed Maud
 14580 | Lair:3   | Reached skill level 5 in Invocations
 14644 | Lair:3   | Reached XP level 13. HP: 95/116 MP: 15/17
 14799 | Lair:3   | Noticed Nergalle
 14844 | Lair:3   | Killed Nergalle
 15688 | Lair:4   | Noticed Thael's ghost (journeyman MiBe)
 15709 | Lair:4   | Killed Thael's ghost
 15709 | Lair:4   | Reached skill level 5 in Armour
 17462 | Lair:5   | Received a gift from Okawaru
 17463 | Lair:5   | Got a shimmering hat {god gift}
 17475 | Lair:5   | Identified the +0 hat of Gehenna {rElec Str+6 Int-4} (Okawaru gifted it to you on level 5 of the Lair of Beasts)
 17540 | Lair:5   | Found a radiant altar of Vehumet.
 18863 | Lair:7   | Reached XP level 14. HP: 125/125 MP: 20/20
 18873 | Lair:7   | Reached skill level 15 in Shields
 19089 | Lair:7   | Reached skill level 15 in Maces & Flails
 19566 | Lair:7   | Received a gift from Okawaru
 19573 | Lair:7   | Reached skill level 10 in Armour
 20357 | D:10     | Found a roughly hewn altar of Beogh.
 20357 | D:10     | Found a staircase to the Orcish Mines.
 20774 | D:11     | Noticed SaintRoka's ghost (journeyman OgCK)
 20780 | D:11     | Noticed SaintRoka's ghost (novice DDGl)
 20803 | D:11     | Killed SaintRoka's ghost
 20821 | D:11     | Killed SaintRoka's ghost
 21711 | D:12     | Received a gift from Okawaru
 22510 | D:13     | Found a gate to the Vaults.
 22715 | D:13     | Reached XP level 15. HP: 108/135 MP: 18/21
 22803 | D:13     | Reached skill level 1 in Dodging
 23235 | D:13     | Got a warped flail
 23236 | D:13     | Identified the cursed +1 flail "Bumisugadi" {crush, *Noise Int+6 SInv} (You found it on level 13 of the Dungeon)
 23674 | Orc:1    | Entered Level 1 of the Orcish Mines
 23782 | Orc:1    | Found a dark tunnel.
 23794 | Volcano  | Entered a volcano
 24160 | Volcano  | Found a bloodstained altar of Trog.
 24567 | Orc:1    | Received a gift from Okawaru
 25349 | D:15     | Entered Level 15 of the Dungeon
 25438 | D:15     | Reached skill level 5 in Dodging
 25440 | D:15     | Gained mutation: Potions and wands are less effective at restoring your health. [a neqoxec]
 25564 | D:15     | Found a staircase to the Depths.
 25564 | D:15     | Noticed a fire giant
 25634 | D:15     | Killed a fire giant
 25634 | D:15     | Received a gift from Okawaru
 26147 | Depths:1 | Entered Level 1 of the Depths
 26435 | Lair:8   | Entered Level 8 of the Lair of Beasts
 26480 | Lair:8   | Reached skill level 15 in Fighting
 26934 | Lair:8   | Found a viscous altar of Jiyva.
 26935 | Lair:8   | Found a staircase to the Slime Pits.
 27531 | Lair:8   | Reached XP level 16. HP: 113/149 MP: 15/22
 27595 | Lair:8   | Identified a +6 rod of shadows (12/12) (You found it on level 8 of the Lair of Beasts)
 27740 | Shoals:1 | Entered Level 1 of the Shoals
 27797 | Shoals:2 | Received a gift from Okawaru
 28460 | Shoals:2 | Noticed Donald
 28499 | Shoals:2 | Killed Donald
 28575 | Shoals:3 | Found Teklaopazu's Weapon Shoppe.
 28645 | Shoals:3 | Noticed Ilsuiw
 28646 | Shoals:3 | Noticed Roxanne
 28709 | Shoals:3 | HP: 7/151 [drowned by a water elemental[Ilsuiw] (2)]
 28716 | Shoals:3 | HP: 7/151 [drowned by a water elemental[Ilsuiw] (2)]
 28716 | Shoals:3 | HP: 2/151 [something (5)]
 28717 | Shoals:3 | Drowned by a water elemental

Skill      XL: |  1  2  3  4  5  6  7  8  9 10 11 12 13 14 15 16 |
---------------+-------------------------------------------------+-----
Maces & Flails | 3 5 6 7 8 10 12 14 16 | 16.0
Shields        | 4 5 7 9 12 13 14 15 | 15.1
Fighting       | 4 5 6 8 9 11 13 15 16 | 16.3
Armour         | 4 8 11 12 | 12.3
Invocations    | 5 8 |  8.0
Dodging        | 6 7 |  7.0

Action                   |  1- 3 |  4- 6 |  7- 9 | 10-12 | 13-15 | 16-18 || total
-------------------------+-------+-------+-------+-------+-------+-------++-------
Melee: Flail             |   152 |    81 |   591 |   266 |       |       ||  1090
       Eveningstar       |       |       |       |   498 |  1611 |   219 ||  2328
Invok: Heroism           |       |     1 |     5 |    12 |    10 |     1 ||    29
       Finesse           |       |       |       |       |     2 |     1 ||     3
Evoke: Wand              |       |       |       |     2 |     2 |       ||     4
  Use: Potion            |       |     1 |     2 |     5 |     4 |     6 ||    18
       Scroll            |       |       |    15 |    13 |    13 |     1 ||    42
  Eat: Chunk             |     3 |     3 |    14 |    25 |    42 |     4 ||    91
       Meat ration       |       |       |     1 |       |       |       ||     1
       Beef jerky        |       |       |       |       |     1 |       ||     1
Armor: Scale mail        |    87 |    60 |   178 |    53 |       |       ||   378
       Ring mail         |       |       |       |    37 |       |       ||    37
       Plate armour      |       |       |       |   168 |   584 |   104 ||   856
       Robe              |       |       |       |     3 |       |       ||     3
Dodge: Dodged            |    48 |    53 |   191 |   141 |   322 |    73 ||   828
Block: Shield            |    86 |       |   228 |   371 |   961 |   143 ||  1789
